 Dungeon Crawl Stone Soup version 0.21-a0-135-g8dc100c (webtiles) character file.

32 Monsterracer the Magician (level 3, 0/24 HPs)
             Began as a Gnoll Wizard on July 17, 2017.
             Slain by Terence
             ... wielding a +0 mace
              (10 damage)
             ... on level 1 of the Dungeon.
             The game lasted 00:07:24 (1569 turns).

Monsterracer the Magician (Gnoll Wizard)            Turns: 1569, Time: 00:07:25

Health: 0/24       AC:  4    Str:  7    XL:     3   Next: 27%
Magic:  3/8        EV: 12    Int:  7    God:
Gold:   44         SH:  0    Dex:  7    Spells: 7/10 levels left

rFire    . . .     SeeInvis .   b - +0 short sword
rCold    . . .     Gourm    .   (no shield)
rNeg     . . .     Faith    .   a - +0 robe
rPois    .         Spirit   .   p - +0 helmet
rElec    .         Reflect  .   (no cloak)
rCorr    .         Harm     .   m - +0 pair of gloves
MR       .....                  (no boots)
Stlth    +.........             (no amulet)
HPRegen  0.08/turn              n - ring of loudness (curse)
MPRegen  0.11/turn              (no ring)

@: very slightly contaminated
A: unchanging attributes, fangs 1, strong nose
a: no special abilities


You were on level 1 of the Dungeon.
You were not hungry.

You visited 1 branch of the dungeon, and saw 2 of its levels.

You collected 44 gold pieces.

Inventory:

Hand Weapons
 b - a +0 short sword (weapon)
 f - a +0 club
Armour
 a - a +0 robe (worn)
 m - a +0 pair of gloves (worn)
 p - a +0 helmet (worn)
Jewellery
 n - a cursed ring of loudness (left hand)
Scrolls
 g - 2 scrolls of identify {unknown}
 h - 2 scrolls of random uselessness {unknown}
 i - a scroll of remove curse {unknown}
 k - 2 scrolls of fear {unknown}
Potions
 e - 2 potions of curing {unknown}
 l - a potion of heal wounds {unknown}
Books
 c - a book of Minor Magic

   Spells                             Type                      Level
   a - Magic Dart                     Conjuration                  1
   b - Blink                          Translocation                2
   c - Call Imp                       Summoning                    2
   d - Slow                           Hexes                        2
   e - Conjure Flame                  Conjuration/Fire             3
   f - Mephitic Cloud                 Conjuration/Poison/Air       3
Comestibles
 d - a bread ration
 j - a royal jelly
 o - 2 fruits


   Skills:
 + Level 0.0 Maces & Flails
 - Level 2.6 Dodging
 - Level 2.4 Stealth
 - Level 4.4 Spellcasting
 * Level 4.1 Conjurations
   Level 1.3 Summonings
 - Level 1.3 Translocations


You had 7 spell levels left.
You knew the following spells:

 Your Spells              Type           Power        Failure   Level  Hunger
a - Magic Dart            Conj           #...         5%          1    #......
b - Blink                 Tloc           N/A          26%         2    ###....


Dungeon Overview and Level Annotations

Branches:
Dungeon (2/15)

Altars:

Annotations:
D:1 Terence


Innate Abilities, Weirdness & Mutations

Your physical attributes are unchanging.
You have very sharp teeth.
Your uncanny sense of smell can sniff out nearby items.


Message History

* * * LOW HITPOINT WARNING * * *
Damage: -8%(-2hp) hp: 42%(10hp) Unknown command.
Casting: Magic Dart
Confirm with . or Enter, or press ? or * to list all spells.
Aiming: Magic Dart
Press: ? - help, Shift-Dir - straight line, f/p - Terence
Aim: Terence, wielding a mace and wearing a chain mail (lightly wounded)
The magic dart hits Terence.
Terence is lightly wounded.
Terence hits you but does no damage.
Casting: Magic Dart
Confirm with . or Enter, or press ? or * to list all spells.
Aiming: Magic Dart
Press: ? - help, Shift-Dir - straight line, f/p - Terence
Aim: Terence, wielding a mace and wearing a chain mail (lightly wounded)
You miscast Magic Dart.
You are very lightly contaminated with residual magic.
Sparks fly from your hands! Terence hits you with a mace!
You die...

#.......##.# #.# ########
#.......##†# #.# .......#
##.....###.# #.##
.......####......###.####..#
.......)..)(......##.#...#.#
..................#...###..#
.......###............#.#..#
.......# ##..........#.8.#.#
.#########..#..@@.....#.#..#
........#..#######....###..#
.....##.#.########.#.......#
####..>............##.....##
#####...##.....#######.#
#.#..#.##..#.......#
###########...##.##......##
........####.....##...(..#
###'####...##.....#......#


You could see Terence.

Vanquished Creatures
  An adder (D:2)
  3 goblins (D:1)
  7 hobgoblins
  2 kobolds (D:1)
  A ball python (D:1)
  4 bats (D:1)
  3 frilled lizards (D:1)
  3 rats (D:1)
24 creatures vanquished.

Notes
Turn   | Place    | Note
-------+----------+-------------------------------------------
     0 | D:1      | Monsterracer the Gnoll Wizard began the quest for the Orb.
     0 | D:1      | Reached XP level 1. HP: 13/13 MP: 5/5
   296 | D:1      | Reached XP level 2. HP: 19/19 MP: 2/7
   732 | D:1      | Learned a level 2 spell: Blink
  1159 | D:2      | Reached XP level 3. HP: 19/24 MP: 0/8
  1519 | D:2      | Noticed Terence
  1569 | D:1      | Slain by Terence

Vault maps used:
D:1:      dpeg_arrival_another_circle, grunt_decor_one_mirror
D:2:      first_bread, uniq_terence

Skill      XL: |  1  2 |
---------------+-------+-----
Conjurations   | 2 4 |  4.1
Dodging        | |  2.6
Stealth        | |  2.4
Spellcasting   | |  4.4
Summonings     | |  1.3
Translocations | |  1.3

Action                   || total
-------------------------++-------
Melee: Unarmed           ||    15
       Club              ||    33
       Short sword       ||     5
       Bite              ||     1
 Cast: Magic Dart        ||    59
       Blink             ||     1
  Eat: Chunk             ||     3
Armor: Robe              ||    15
Dodge: Dodged            ||    51
